 Dungeon Crawl Stone Soup version 0.27-a0-1525-g1038ab4fd7 (webtiles) character file.

Game seed: 12487225352174047391

1588 Sobieck the Basher (level 8, -4/45 HPs)
             Began as a Gargoyle Gladiator on July 10, 2021.
             Slain by a killer bee (6 damage)
             ... on level 5 of the Dungeon.
             The game lasted 00:11:32 (6774 turns).

Sobieck the Basher (Gargoyle Gladiator)             Turns: 6774, Time: 00:11:32

Health: -4/45      AC: 20    Str: 20    XL:     8   Next: 92%
Magic:  8/8        EV: 11    Int:  9    God:
Gold:   251        SH:  0    Dex: 11    Spells: 7/7 levels left

rFire    . . .     SeeInvis .   a - +0 morningstar {mace}
rCold    . . .     Faith    .   (no shield)
rNeg     + . .     Spirit   .   h - +3 ring mail
rPois    ∞         Reflect  .   c - +2 helmet
rElec    +         Harm     .   l - scarf {repulsion}
rCorr    .         Rampage  .   (no gloves)
Will     .....                  (no boots)
Stlth    +.........             (no amulet)
HPRegen  0.15/turn              z - +4 ring of protection
MPRegen  0.11/turn              (no ring)

@: repel missiles
A: sickness immunity, AC +5, negative energy resistance 1, electricity
resistance, torment resistance 1, petrification resistance
a: no special abilities


You were on level 5 of the Dungeon.
You visited 1 branch of the dungeon, and saw 7 of its levels.

You collected 251 gold pieces.


Innate Abilities, Weirdness & Mutations

You are immune to sickness and miasma.
Your stone body is resilient. (AC +5)
You are immune to poison.
You resist negative energy. (rN+)
You are resistant to electric shocks. (rElec)
You are resistant to unholy torment.
You are immune to petrification.


   Skills:
 - Level 2.5 Fighting
 * Level 11.0 Maces & Flails
 - Level 1.7 Throwing
 - Level 2.6 Dodging


You had 7 spell levels left.
You didn't know any spells.
Your spell library contained the following spells:

 Spells                   Type           Power      Damage    Failure   Level
 Blink                    Tloc           N/A        N/A       71%         2
 Lesser Beckoning         Tloc           0%         N/A       91%         3
 Manifold Assault         Tloc           0%         N/A       100%        5

Inventory:

Hand Weapons
 a - a +0 morningstar (weapon) {mace}
   (You took it off a wight on level 6 of the Dungeon)
 b - the +5 hunting sling of Pikoitaf {flame, rElec Str+8, sling}
   (You found it on level 6 of the Dungeon)

   It causes projectiles fired from it to burn those they strike, causing extra
   injury to most foes and up to half again as much damage against particularly
   susceptible opponents.
   Str:       It affects your strength (+8).
   rElec:     It insulates you from electricity.
 m - a +0 hunting sling {sling}
   (You found it on level 1 of the Dungeon)
 o - a +2 dagger of electrocution {short}
   (You took it off an orc on level 2 of the Dungeon)
 p - a +1 dagger of protection {short}
   (You took it off a goblin on level 2 of the Dungeon)
 s - a +0 spectral flail {mace}
 u - a +3 war axe of electrocution {axe}
   (You took it off an orc on level 3 of the Dungeon)
Missiles
 d - 3 throwing nets (quivered) {=f!fthrowing}
 f - 47 bolts
 g - 73 stones {throwing}
 q - 103 arrows
 x - 38 sling bullets
Armour
 c - a +2 helmet (worn)
 h - a +3 ring mail (worn)
   (You found it on level 2 of the Dungeon)
 j - a +0 leather armour
 l - a scarf of repulsion (worn)
   (You found it on level 1 of the Dungeon)
Magical Staves
 r - a staff of death {!astaff}
   (You found it on level 2 of the Dungeon)
Jewellery
 z - a +4 ring of protection (left hand)
   (You found it on level 5 of the Dungeon)
Wands
 v - a wand of iceblast (25)
   (You found it on level 3 of the Dungeon)
 y - a wand of polymorph (13)
   (You took it off Ijyb on level 5 of the Dungeon)
Scrolls
 e - a scroll of summoning
 w - 3 scrolls of magic mapping {unknown}
Potions
 i - 2 potions of cancellation {unknown}
 k - 2 potions of curing {unknown}
 n - a potion of brilliance {unknown}
 t - a potion of attraction {unknown}

Dungeon Overview and Level Annotations

Branches:
Dungeon (7/15)
 Temple: D:4-7

Altars:
Elyvilon

Shops:
D:4 ?

Annotations:
D:5 2 transporters, exclusion: downstairs, blackman's ghost, novice HuFi

..# #........................
#.#######........################
....†........#...#...#
#.##########.#.......# #..#
#.#.#.#.##############
.#.#########.#.#.#.#............#
................>#.#.##########.#
.#..#####.##.###y#.#.# #.# .##.##
#.##.# #@#.#.# #.# .##..#
#.##.###.#.#.###### #.# ...#.##
#........#.#.#....# #.#
...#..###........#†#.#.##.# #.#
...#.............#.#....#.# #.#
...#.............#.###..#.# #.#
...#..........<..#......#.# #.#
...###.##.......######.##.# #.#
#### #..#...............#.#####.#


You could see a killer bee.


Message History

You barely miss the killer bee.
The killer bee stings you but does no damage.
The killer bee barely misses you.
You barely miss the killer bee. The killer bee completely misses you.
The killer bee misses you.
You hit the killer bee but do no damage.
The killer bee stings you but does no damage. x2
You closely miss the killer bee.
The killer bee stings you but does no damage.
The killer bee completely misses you.
You sock the killer bee! The killer bee closely misses you. x2
You barely miss the killer bee.
The killer bee stings you but does no damage.
The killer bee stings you.
* * * LOW HITPOINT WARNING * * *
😨 HP[-1]
You take 1 damage, and now have 18/45 hp.
You barely miss the killer bee.
The killer bee stings you but does no damage. x2
You barely miss the killer bee.
The killer bee stings you but does no damage. x2
You sock the killer bee!
You kill the killer bee!
The killer bee stings you!
* * * LOW HITPOINT WARNING * * *
Your Maces & Flails skill increases to level 11! 😱 HP[-7]
You take 7 damage, and now have 11/45 hp.
You closely miss the killer bee.
The killer bee stings you but does no damage. x2
You barely miss the killer bee. The killer bee barely misses you.
The killer bee stings you but does no damage.
You miss the killer bee.
The killer bee stings you but does no damage.
The killer bee closely misses you.
You miss the killer bee.
The killer bee stings you but does no damage.
The killer bee closely misses you. 😨 HP[+1]
You miss the killer bee. The killer bee barely misses you.
The killer bee stings you but does no damage.
You thump the killer bee! The killer bee stings you.
* * * LOW HITPOINT WARNING * * *
😱 HP[-4]
You take 4 damage, and now have 8/45 hp.
You barely miss the killer bee. The killer bee closely misses you.
The killer bee stings you but does no damage.
You closely miss the killer bee.
The killer bee stings you but does no damage.
The killer bee barely misses you.
You miss the killer bee. The killer bee misses you.
The killer bee stings you but does no damage.
Press: ? - help, v - describe, . - travel A stone staircase leading down.
Placed new exclusion.
Reduced exclusion size to a single square.
You closely miss the killer bee.
The killer bee stings you but does no damage. x2
You miss the killer bee. The killer bee closely misses you.
The killer bee barely misses you. 😱 HP[+1]
You completely miss the killer bee. The killer bee closely misses you.
You miss the killer bee. The killer bee barely misses you.
The killer bee closely misses you.
You closely miss the killer bee.
The killer bee stings you but does no damage.
The killer bee stings you.
* * * LOW HITPOINT WARNING * * *
😱 HP[-3]
You take 3 damage, and now have 6/45 hp.
You barely miss the killer bee. The killer bee closely misses you.
The killer bee stings you.
* * * LOW HITPOINT WARNING * * *
😱 HP[-1]
You take 1 damage, and now have 5/45 hp.
You closely miss the killer bee. The killer bee closely misses you.
The killer bee stings you but does no damage.
You miss the killer bee. The killer bee closely misses you.
The killer bee stings you but does no damage.
You miss the killer bee. The killer bee barely misses you.
The killer bee stings you but does no damage. 😱 HP[+1]
You barely miss the killer bee.
The killer bee stings you but does no damage.
The killer bee stings you.
* * * LOW HITPOINT WARNING * * *
😱 HP[-4]
You take 4 damage, and now have 2/45 hp.
You barely miss the killer bee. The killer bee closely misses you.
The killer bee stings you but does no damage.
You miss the killer bee. The killer bee barely misses you.
The killer bee stings you but does no damage.
You closely miss the killer bee.
The killer bee stings you but does no damage. x2
You barely miss the killer bee. The killer bee misses you.
The killer bee stings you but does no damage.
You closely miss the killer bee.
The killer bee stings you but does no damage.
The killer bee stings you.
You die...

Skill      XL: |  1  2  3  4  5  6  7  8 |
---------------+-------------------------+-----
Maces & Flails | 4 5 6 7 9 11 | 11.0
Fighting       | |  2.5
Throwing       | |  1.7
Dodging        | |  2.6

Action                   |  1- 3 |  4- 6 |  7- 9 || total
-------------------------+-------+-------+-------++-------
Melee: Flail             |   114 |    19 |    28 ||   161
       War axe           |       |    61 |    14 ||    75
       Morningstar       |       |       |    78 ||    78
 Fire: Hunting sling     |    46 |    27 |    35 ||   108
  Use: Scroll            |       |     7 |     2 ||     9
Armor: Leather armour    |     7 |       |       ||     7
       Ring mail         |    33 |    39 |    73 ||   145
Dodge: Dodged            |    71 |    48 |    84 ||   203
       Repelled          |       |     1 |       ||     1

Levels and vault maps discovered:
D:1:      scummos_arrival_star, layout_rooms, serial_bayou_ford_a
D:2:      layout_rooms
D:3:      layout_basic, nicolae_elyvilon_temple_path,
          hellmonk_ecumenical_altar_lost_god
D:4:      layout_gridville, serial_shops, kennysheep_mini_moat,
          small_statue_intersection, uniq_blork_the_orc, uniq_menkaure
D:5:      layout_basic, gammafunk_ghost_hive, uniq_ijyb, uniq_grinder
D:6:      layout_cave_pools, lemuel_doored_altar, mainiacjoe_overflow_alcove_2,
          kennysheep_mini, minmay_temple_entry_hall, grunt_ministairs_11
D:7:      layout_cave_pools, marbit_many_paths, serial_rivers,
          chequers_serial_rivers_marsh, chequers_serial_rivers_small_b,
          chequers_serial_rivers_room_b, chequers_serial_rivers_small_a,
          chequers_serial_rivers_small_a, uniq_pikel

Notes
Turn   | Place    | Note
-------+----------+-------------------------------------------
     0 | D:1      | Sobieck the Gargoyle Gladiator began the quest for the Orb.
     0 | D:1      | Reached XP level 1. HP: 12/12 MP: 1/1
     0 | D:1      | magus.rc [v1.9.6]
     6 | D:1      | You pick up a book of Spatial Translocations and begin
                  | reading...
     6 | D:1      | You add the spells Blink, Lesser Beckoning and Manifold
                  | Assault to your library.
   403 | D:2      | Reached XP level 2. HP: 17/18 MP: 2/2
  1211 | D:2      | Reached XP level 3. HP: 16/22 MP: 3/3
  1370 | D:2      | Reached skill level 4 in Maces & Flails
  1689 | D:2      | Reached XP level 4. HP: 17/27 MP: 4/4
  2346 | D:3      | Found a faded altar of an unknown god.
  2621 | D:4      | Noticed Menkaure
  2622 | D:4      | Found Uhum's Magic Scroll Shoppe.
  2673 | D:3      | Reached skill level 5 in Maces & Flails
  2809 | D:3      | Reached XP level 5. HP: 30/31 MP: 5/5
  2827 | D:5      | Entered Level 5 of the Dungeon
  2827 | D:5      | Noticed a phantom
  2836 | D:5      | Killed a phantom
  2837 | D:5      | Reached skill level 6 in Maces & Flails
  2990 | D:3      | Found a white marble altar of Elyvilon.
  3901 | D:3      | Killed Menkaure
  3902 | D:3      | Reached XP level 6. HP: 13/36 MP: 6/6
  4091 | D:4      | Reached skill level 7 in Maces & Flails
  4327 | D:6      | Identified the +5 hunting sling of Pikoitaf {flame, rElec
                  | Str+8}
  4582 | D:4      | Noticed Blork the orc
  4588 | D:4      | Killed Blork the orc
  4589 | D:4      | Reached XP level 7. HP: 37/40 MP: 7/7
  4810 | D:4      | Reached skill level 8 in Maces & Flails
  5410 | D:5      | Reached skill level 9 in Maces & Flails
  5410 | D:5      | Reached XP level 8. HP: 43/45 MP: 8/8
  5822 | D:5      | Noticed Ijyb
  5826 | D:5      | Killed Ijyb
  5827 | D:5      | Reached skill level 10 in Maces & Flails
  5878 | D:5      | Found a transporter.
  5883 | D:5      | Found a transporter.
  5886 | D:5      | Noticed blackman's ghost (novice HuFi)
  6374 | D:5      | Noticed Grinder
  6374 | D:5      | Paralysed by Grinder for 5 turns
  6397 | D:5      | HP: 11/45 [Grinder (4)]
  6399 | D:5      | Killed Grinder
  6750 | D:5      | HP: 11/45 [killer bee (7)]
  6751 | D:5      | Reached skill level 11 in Maces & Flails
  6756 | D:5      | HP: 8/45 [killer bee (4)]
  6764 | D:5      | HP: 6/45 [killer bee (3)]
  6769 | D:5      | HP: 2/45 [killer bee (4)]
  6774 | D:5      | Slain by a killer bee

Vanquished Creatures
  Grinder (D:5)
  Menkaure (D:3)
  An ice beast (D:5)
  2 sky beasts
  A necrophage (D:5)
  A phantom (D:5)
  Blork the orc (D:4)
  2 scorpions
  A wyvern zombie (D:5)
  2 killer bees (D:5)
  3 wights (D:6)
  3 jellies
  A hound (D:4)
  An orc priest (D:4)
  An iguana (D:5)
  Ijyb (D:5)
  A killer bee zombie (D:6)
  2 howler monkey skeletons
  7 adders
  A white imp (D:5)
  4 worms
  3 dart slugs
  14 orcs
  4 bats
  3 endoplasms
  3 goblins
  3 hobgoblins (D:2)
  8 jackals
  5 quokkas
  2 ball pythons
  5 frilled lizards
  2 kobolds
  4 rats
94 creatures vanquished.

Vanquished Creatures (others)
  5 plants (D:1)
5 creatures vanquished.

Grand Total: 99 creatures vanquished

Table legend:
 A = Non-vault XP
 B = Vault XP
 C = Vault XP percentage of total XP
 D = Non-vault monster count
 E = Vault monster count
 F = Vault count percentage of total count
                 A         B        C        D         E       F
            +---------+---------+-------+---------+---------+-------
      Total |    1684 |     585 |  25.8 |      89 |       5 |   5.3
            +---------+---------+-------+---------+---------+-------
        D:1 |      21 |       0 |   0.0 |      13 |       0 |   0.0
        D:2 |      91 |       0 |   0.0 |      28 |       0 |   0.0
        D:3 |      66 |     157 |  70.4 |      10 |       1 |   9.1
        D:4 |     233 |      96 |  29.2 |      11 |       1 |   8.3
        D:5 |     968 |     303 |  23.8 |      23 |       2 |   8.0
        D:6 |     178 |      29 |  14.0 |       3 |       1 |  25.0
        D:7 |     127 |       0 |   0.0 |       1 |       0 |   0.0
            +---------+---------+-------+---------+---------+-------

Illustrated notes

Table legend:
 A = Kills in this place as a percentage of kills in entire the game.
 B = Kills by you in this place as a percentage of kills by you in the entire game.
 C = Kills by friends in this place as a percentage of kills by friends in the entire game.
 D = Other kills in this place as a percentage of other kills in the entire game.
 E = Experience gained in this place as a percentage of experience gained in the entire game.
 F = Experience gained in this place divided by the number of levels of this place that you have seen.
                   A       B       C       D       E      F
               +-------+-------+-------+-------+-------+----------------------
         Total | 100.0 | 100.0 |   N/A |   N/A | 100.0 | 324.1
       Dungeon | 100.0 | 100.0 |   N/A |   N/A | 100.0 | 324.1
               +-------+-------+-------+-------+-------+----------------------

Table legend: (Time is in decaauts)
 A = Elapsed time spent in this place.
 B = Non-inter-level travel time spent in this place.
 C = Inter-level travel time spent in this place.
 D = Time resting spent in this place.
 E = Time spent auto-exploring this place.
 F = Levels seen in this place.
 G = Mean time per level.
                   A        B        C        D        E       F      G
               +--------+--------+--------+--------+--------+-----+--------+
         Total |   6851 |   6518 |    333 |   1566 |   3998 |   7 |  978.7 |
       Dungeon |   6851 |   6518 |    333 |   1566 |   3998 |   7 |  978.7 |
               +--------+--------+--------+--------+--------+-----+--------+

Top non-repeatable levels by time:
     D:3: 1733 daAuts
     D:5: 1584 daAuts
     D:2: 1181 daAuts
     D:1: 1038 daAuts
     D:4: 1038 daAuts
     D:6: 266 daAuts
     D:7: 9 daAuts
